Workbook
Name AbaDeprec: '5. Depreciação'!$A$1
Name AbaRemun: '6.Remuneração de capital'!$A$1

Sheet 1. Coleta de Residuos de Saude
A2: 1. Coleta de Resíduos de Saúde
A3: Planilha de Composição de Custos
A5: Orçamento Sintético
A6: Descrição do Item | E6: Custo (R$/mês) | F6: %
A7: =A45 -> 1. Mão-de-obra | E7: =+F115 -> 0 | F7: =IFERROR(E7/$E$28,0) -> 0
A8: =A47 -> 1.1. Coletor Turno Dia | E8: =F55 -> 0 | F8: =IFERROR(E8/$E$28,0) -> 0
A9: =A57 -> 1.2. Coletor Turno Noite- DESCONSIDERAR - NÃO HAVERA PREVISÃO NO EDITAL. | E9: =F67 -> 0 | F9: =IFERROR(E9/$E$28,0) -> 0
A10: =A69 -> 1.3. Motorista Turno do Dia | E10: =F79 -> 0 | F10: =IFERROR(E10/$E$28,0) -> 0
A11: =A81 -> 1.4. Motorista Turno Noite - DESCONSIDERAR - NÃO HAVERA PREVISÃO NO EDITAL. | E11: =F93 -> 0 | F11: =IFERROR(E11/$E$28,0) -> 0
A12: =A95 -> 1.5. Vale Transporte | E12: =F101 -> 0 | F12: =IFERROR(E12/$E$28,0) -> 0
A13: =A103 -> 1.6. Vale-refeição (diário) | E13: =F107 -> 0 | F13: =IFERROR(E13/$E$28,0) -> 0
A14: =A109 -> 1.7. Auxílio Alimentação (mensal) | E14: =F113 -> 0 | F14: =IFERROR(E14/$E$28,0) -> 0
A15: =A117 -> 2. Uniformes e Equipamentos de Proteção Individual | E15: =+F149 -> 0 | F15: =IFERROR(E15/$E$28,0) -> 0
A16: =A151 -> 3. Veículos e Equipamentos | E16: =+F228 -> 0 | F16: =IFERROR(E16/$E$28,0) -> 0
A17: =A153 -> 3.1. Veículo Coletor Compactador xx m³ | E17: =SUM(E18:E23) -> 0 | F17: =IFERROR(E17/$E$28,0) -> 0
A18: =A155 -> 3.1.1. Depreciação | E18: =F169 -> 0 | F18: =IFERROR(E18/$E$28,0) -> 0
A19: =A171 -> 3.1.2. Remuneração do Capital | E19: =F185 -> 0 | F19: =IFERROR(E19/$E$28,0) -> 0
A20: =A187 -> 3.1.3. Impostos e Seguros | E20: =F193 -> 0 | F20: =IFERROR(E20/$E$28,0) -> 0
A21: =A195 -> 3.1.4. Consumos | E21: =F211 -> 0 | F21: =IFERROR(E21/$E$28,0) -> 0
A22: =A213 -> 3.1.5. Manutenção | E22: =F216 -> 0 | F22: =IFERROR(E22/$E$28,0) -> 0
A23: =A218 -> 3.1.6. Pneus | E23: =F225 -> 0 | F23: =IFERROR(E23/$E$28,0) -> 0
A24: =A230 -> 4. Ferramentas e Materiais de Consumo | E24: =+F240 -> 0 | F24: =IFERROR(E24/$E$28,0) -> 0
A25: =A242 -> 5. Monitoramento da Frota | E25: =+F251 -> 0 | F25: =IFERROR(E25/$E$28,0) -> 0
A26: =A253 -> 6. Destinação Final | E26: =F259 -> 0 | F26: =IFERROR(E26/$E$28,0) -> 0
A27: =A263 -> 7. Benefícios e Despesas Indiretas - BDI | E27: =+F267 -> #REF! | F27: =IFERROR(E27/$E$28,0) -> 0
A28: PREÇO TOTAL MENSAL COM A COLETA | E28: =E7+E15+E16+E24+E25+E27 -> #REF! | F28: =F7+F15+F16+F24+F25+F27 -> 0
A31: Quantitativos
A32: Mão-de-obra | E32: Quantidade
A33: =+A47 -> 1.1. Coletor Turno Dia | E33: =C54 -> 0
A34: =+A57 -> 1.2. Coletor Turno Noite- DESCONSIDERAR - NÃO HAVERA PREVISÃO NO EDITAL. | E34: =C66 -> 0
A35: =+A69 -> 1.3. Motorista Turno do Dia | E35: =C78 -> 0
A36: =+A81 -> 1.4. Motorista Turno Noite - DESCONSIDERAR - NÃO HAVERA PREVISÃO NO EDITAL. | E36: =C92 -> 0
A37: Total de mão-de-obra (postos de trabalho) | E37: =SUM(E33:E36) -> 0
A39: Veículos e Equipamentos | E39: Quantidade
A40: =+A153 -> 3.1. Veículo Coletor Compactador xx m³ | E40: =C168 -> 0
A43: Fator de utilização (FU)
A45: 1. Mão-de-obra
A47: 1.1. Coletor Turno Dia
A48: Discriminação | B48: Unidade | C48: Quantidade | D48: Custo unitário | E48: Subtotal | F48: Total (R$)
A49: Piso da categoria | B49: mês | C49: 1 | E49: =C49*D49 -> 0
A50: Adicional de Insalubridade | B50: % | C50: 40 | D50: =SUM(E49:E49) -> 0 | E50: =C50*D50/100 -> 0
A51: Soma | E51: =SUM(E49:E50) -> 0
A52: Encargos Sociais | B52: % | C52: ='2.Encargos Sociais'!$C$37*100 -> 70.595952 | D52: =E51 -> 0 | E52: =D52*C52/100 -> 0
A53: Total por Coletor | E53: =E51+E52 -> 0
A54: Total do Efetivo | B54: homem | D54: =E53 -> 0 | E54: =C54*D54 -> 0
D55: Fator de utilização | E55: =$B$43 -> 0 | F55: =E54*E55 -> 0
A57: 1.2. Coletor Turno Noite- DESCONSIDERAR - NÃO HAVERA PREVISÃO NO EDITAL.
A58: Discriminação | B58: Unidade | C58: Quantidade | D58: Custo unitário | E58: Subtotal | F58: Total (R$)
A59: Piso da categoria | B59: mês | C59: 1 | D59: =D49 -> 0 | E59: =C59*D59 -> 0
A60: Adicional Noturno | B60: horas trabalhadas
B61: hora contabilizada | C61: =C60*8/7 -> 0 | D61: =D59/220*0.2 -> 0 | E61: =C61*D61 -> 0
A62: Adicional de Insalubridade | B62: % | C62: =+C50 -> 40 | D62: =SUM(E59:E61) -> 0 | E62: =C62*D62/100 -> 0
A63: Soma | E63: =SUM(E59:E62) -> 0
A64: Encargos Sociais | B64: % | C64: ='2.Encargos Sociais'!$C$37*100 -> 70.595952 | D64: =E63 -> 0 | E64: =D64*C64/100 -> 0
A65: Total por Coletor | E65: =E63+E64 -> 0
A66: Total do Efetivo | B66: homem | D66: =E65 -> 0 | E66: =C66*D66 -> 0
D67: Fator de utilização | E67: =$B$43 -> 0 | F67: =E66*E67 -> 0
A69: 1.3. Motorista Turno do Dia
A70: Discriminação | B70: Unidade | C70: Quantidade | D70: Custo unitário | E70: Subtotal | F70: Total (R$)
A71: Piso da categoria (2) | B71: mês | C71: 1 | E71: =C71*D71 -> 0
A72: Salário mínimo nacional (1) | B72: mês | C72: 1
A73: Base de cálculo da Insalubridade
A74: Adicional de Insalubridade | B74: % | D74: =IF(C73=2,SUM(E71:E72),IF(C73=1,(SUM(E71:E72))*D72/D71,0)) -> 0 | E74: =C74*D74/100 -> 0
A75: Soma | E75: =SUM(E71:E74) -> 0
A76: Encargos Sociais | B76: % | C76: ='2.Encargos Sociais'!$C$37*100 -> 70.595952 | D76: =E75 -> 0 | E76: =D76*C76/100 -> 0
A77: Total por Motorista | E77: =E75+E76 -> 0
A78: Total do Efetivo | B78: homem | D78: =E77 -> 0 | E78: =C78*D78 -> 0
D79: Fator de utilização | E79: =$B$43 -> 0 | F79: =E78*E79 -> 0
A81: 1.4. Motorista Turno Noite - DESCONSIDERAR - NÃO HAVERA PREVISÃO NO EDITAL.
A82: Discriminação | B82: Unidade | C82: Quantidade | D82: Custo unitário | E82: Subtotal | F82: Total (R$)
A83: Piso da categoria (2) | B83: mês | C83: 1 | D83: =D71 -> 0 | E83: =C83*D83 -> 0
A84: Salário mínimo nacional (1) | B84: mês | C84: 1 | D84: =D72 -> 0
A85: Adicional Noturno | B85: horas trabalhadas
B86: hora contabilizada | C86: =C85*8/7 -> 0 | D86: =D83/220*0.2 -> 0 | E86: =C86*D86 -> 0
A87: Base de cálculo da Insalubridade
A88: Adicional de Insalubridade | B88: % | C88: =+C74 -> 0 | D88: =IF(C87=2,SUM(E83:E86),IF(C87=1,SUM(E83:E86)*D84/D83,0)) -> 0 | E88: =C88*D88/100 -> 0
A89: Soma | E89: =SUM(E83:E88) -> 0
A90: Encargos Sociais | B90: % | C90: ='2.Encargos Sociais'!$C$37*100 -> 70.595952 | D90: =E89 -> 0 | E90: =D90*C90/100 -> 0
A91: Total por Motorista | E91: =E89+E90 -> 0
A92: Total do Efetivo | B92: homem | D92: =E91 -> 0 | E92: =C92*D92 -> 0
D93: Fator de utilização | E93: =$B$43 -> 0
A95: 1.5. Vale Transporte
A96: Discriminação | B96: Unidade | C96: Quantidade | D96: Custo unitário | E96: Subtotal | F96: Total (R$)
A97: Vale Transporte | B97: R$ | C97: 1
A98: Dias Trabalhados por mês | B98: dia
A99: Coletor | B99: vale | C99: =$C$98*2*(C54+C66) -> 0 | D99: =IFERROR((($C$98*2*$D$97)-(E49*0.06*C98/26))/($C$98*2),"-") -> - | E99: =IFERROR(C99*D99,"-") -> -
A100: Motorista | B100: vale | C100: =$C$98*2*(C78+C92) -> 0 | D100: =IFERROR((($C$98*2*$D$97)-(E71*0.06*C98/26))/($C$98*2),"-") -> - | E100: =IFERROR(C100*D100,"-") -> -
F101: =SUM(E99:E100) -> 0
A103: 1.6. Vale-refeição (diário)
A104: Discriminação | B104: Unidade | C104: Quantidade | D104: Custo unitário | E104: Subtotal | F104: Total (R$)
A105: =+A99 -> Coletor | B105: unidade | C105: =C98*(E33+E34) -> 0 | E105: =C105*D105 -> 0
A106: =+A100 -> Motorista | B106: unidade | C106: =C98*(E35+E36) -> 0 | E106: =C106*D106 -> 0
F107: =SUM(E105:E106) -> 0
A109: 1.7. Auxílio Alimentação (mensal)
A110: Discriminação | B110: Unidade | C110: Quantidade | D110: Custo unitário | E110: Subtotal | F110: Total (R$)
A111: =+A105 -> Coletor | B111: unidade | C111: =E33+E34 -> 0 | E111: =C111*D111 -> 0
A112: =+A106 -> Motorista | B112: unidade | C112: =E35+E36 -> 0 | E112: =C112*D112 -> 0
D113: Fator de utilização | E113: =$B$43 -> 0 | F113: =SUM(E111:E112)*E113 -> 0
A115: Custo Mensal com Mão-de-obra (R$/mês) | F115: =F113+F107+F101+F93+F79+F67+F55 -> 0
A117: 2. Uniformes e Equipamentos de Proteção Individual
...

Sheet 2.Encargos Sociais
A1: Orientações para preenchimento:
A2: 1. Preencha previamente os dados de entrada na planilha 3.CAGED
A5: O orçamento deve ser realizado por responsável técnico habilitado e é de responsabilidade do seu autor.
A7: 2. Composição dos Encargos Sociais
A8: Código | B8: Descrição | C8: Valor
A9: A1 | B9: INSS | C9: 0.2
A10: A2 | B10: SESI | C10: 0.015
A11: A3 | B11: SENAI | C11: 0.01
A12: A4 | B12: INCRA | C12: 0.002
A13: A5 | B13: SEBRAE | C13: 0.006
A14: A6 | B14: Salário educação | C14: 0.025
A15: A7 | B15: Seguro contra acidentes de trabalho | C15: 0.03
A16: A8 | B16: FGTS | C16: 0.08
A17: A | B17: SOMA GRUPO A | C17: =SUM(C9:C16) -> 0.368
A19: B1 | B19: Férias gozadas | C19: =ROUND(IF('3.CAGED'!C28>24,(1-12/'3.CAGED'!C28)*0.1111,0.1111-C28),4) -> 0.0619
A20: B2 | B20: 13º salário | C20: =ROUND('3.CAGED'!C32/'3.CAGED'!C29,4) -> 0.0833
A21: B3 | B21: Licença Paternidade | C21: 0.0006
A22: B4 | B22: Faltas justificadas | C22: 0.0082
A23: B5 | B23: Auxilio acidente de trabalho | C23: 0.0031
A24: B6 | B24: Auxilio doença | C24: 0.0166
A25: B | B25: SOMA GRUPO B | C25: =SUM(C19:C24) -> 0.1737
A27: C1 | B27: Aviso prévio indenizado | C27: =ROUND(('3.CAGED'!C33) *'3.CAGED'!C26/'3.CAGED'!C29,4) -> 0.0256
A28: C2 | B28: Férias indenizadas | C28: =ROUND(IF('3.CAGED'!C28>12,12/'3.CAGED'!C28*0.1111,0.1111),4) -> 0.0492
A29: C3 | B29: Férias indenizadas s/ aviso previo inden. | C29: =C27*C28 -> 0.00125952
A30: C4 | B30: Depósito rescisão sem justa causa | C30: =ROUND(('3.CAGED'!C29+'3.CAGED'!C30+'3.CAGED'!C32)/'3.CAGED'!C27*'3.CAGED'!C34*'3.CAGED'!C35*'3.CAGED'!C26/'3.CAGED'!C29,4) -> 0.0205
A31: C5 | B31: Indenização adicional | C31: =ROUND(('3.CAGED'!C31/'3.CAGED'!C29)*'3.CAGED'!C26/12,4) -> 0.0018
A32: C | B32: SOMA GRUPO C | C32: =SUM(C27:C31) -> 0.09835952
A34: D1 | B34: Reincidência de Grupo A sobre Grupo B | C34: =ROUND(C17*C25,4) -> 0.0639
A35: D2 | B35: Reincidência de FGTS sobre aviso prévio indenizado | C35: =ROUND((C27*C16),4) -> 0.002
A36: D | B36: SOMA GRUPO D | C36: =SUM(C34:C35) -> 0.0659
B37: SOMA (A+B+C+D) | C37: =C36+C32+C25+C17 -> 0.70595952

Sheet 3.CAGED
A1: CÁLCULO DAS VERBAS INDENIZATÓRIAS DOS EMPREGADOS NO SETOR DE COLETA DE RSU
A3: Tendo em vista que o CAGED foi descontinuado em janeiro de 2020, esta planilha foi atualizada até 31/12/2019.
A5: Preencha as células em amarelo
B7: 3. CAGED
B8: Rio Grande do Sul - Coleta de Resíduos Não-Perigosos - CNAE 38114
B9: Admissões | C9: 2100
B10: Desligamentos | C10: 2031
B11: Dispensados com justa causa | C11: 44
B12: Dispensados sem justa causa | C12: 1192
B13: Espontâneos | C13: 372
B14: Fim de contrato por prazo determinado | C14: 22
B15: Término de contrato | C15: 350
B16: Aposentados | C16: 1
B17: Mortos | C17: 30
B18: Transferência de saída | C18: 0
B19: Acordo | C19: 0
B20: Indicadores
B21: Estoque recuperado início do Período 01-01-2019 | C21: 4625
B22: Estoque recuperado final do Período 31-12-2019 | C22: 4694
B23: Variação Emprego Absoluta de 01-01-2019 a 31-12-2019 | C23: =C9-C10 -> 69
B25: Estoque Médio | C25: =MEDIAN(C21,C22) -> 4659.5
B26: % Demitidos s/ Justa Causa em relação ao Estoque Médio | C26: =C12/C25 -> 0.25582144
B27: Taxa de Rotatividade | C27: =MEDIAN(C9,C10)/C25 -> 0.44328791
B28: Rotatividade temporal (meses) | C28: =12/C27 -> 27.070443
B29: Dias ano | C29: 360
B30: 1/3 de férias (dias) | C30: 10
B31: Férias (dias) | C31: 30
B32: 13º Salário (dias) | C32: 30
B33: Dias de Aviso prévio | C33: =30+(3*TRUNC(1/C27)) -> 36
B34: FGTS | C34: 0.08
B35: Multa FGTS | C35: 0.4 | D35: Ajustado, de acordo com a nova Lei Federal nº 13.932/2019

Sheet 4.BDI
A1: Orientações para preenchimento:
A2: 1. Esta planilha é somente um modelo-base e deve ser ajustada conforme cada caso concreto.
A3: 2. Preencher somente células em amarelo
A6: O orçamento deve ser realizado por responsável técnico habilitado e é de responsabilidade do seu autor.
A8: 4. Composição do BDI - Benefícios e Despesas Indiretas
D10: Referência estudo TCE
D11: 1° Quartil | E11: Médio | F11: 3° Quartil
A12: Administração Central | B12: AC | D12: 0.0297 | E12: 0.0508 | F12: 0.0627
A13: Seguros/Riscos/Garantias | B13: SRG | D13: =0.3%+0.56% -> 0.0086 | E13: =0.48%+0.85% -> 0.0133 | F13: =0.82%+0.89% -> 0.0171
A14: Lucro | B14: L | D14: 0.0778 | E14: 0.1085 | F14: 0.1355
A15: Despesas Financeiras | B15: DF | C15: =(1+E15)^(E16/252)-1 -> 0 | D15: i
A16: Tributos - ISS | B16: T | D16: DU
A17: Tributos - PIS/COFINS
A18: Fórmula para o cálculo do BDI:
A19: {[(1+AC+SRG) x (1+L) x (1+DF)] / (1-T)} -1
A20: Resultado do cálculo do BDI: | C20: =ROUND((((1+C12+C13)*(1+C14)*(1+C15))/(1-(C16+C17))-1),4) -> 0 | D20: 0.2143 | E20: 0.2717 | F20: 0.3362

Sheet 5. Depreciação
A1: 5. Depreciação Referencial TCE/RS (%)
A2: Idade do veículo (ano) | B2: Depreciação Média
A3: 1 | B3: 33.63
A4: 2 | B4: 43.13
A5: 3 | B5: 48.68
A6: 4 | B6: 52.62
A7: 5 | B7: 55.68
A8: 6 | B8: 58.18
A9: 7 | B9: 60.29
A10: 8 | B10: 62.12
A11: 9 | B11: 63.73
A12: 10 | B12: 65.18
A13: 11 | B13: 66.48
A14: 12 | B14: 67.67
... A17: 15 | B17: 70.73

Sheet 6.Remuneração de capital
A1: 6. Remuneração de Capital
A3: Fórmula de cálculo da remuneração de capital:
A12: Jm = remuneração de capital mensal
A13: i = taxa de juros do mercado (sugere-se adotar a taxa SELIC)
A14: Im = investimento médio
A15: V0 = valor inicial do bem
A16: Vr = valor residual do bem
A17: n = vida útil do bem em anos

Sheet 7. Dimensionamento
A1: Orientações para preenchimento:
A2: 1. Esta planilha é somente um modelo de cálculo expedito e deve ser ajustada conforme cada caso concreto.
A3: 2. Dimensionar separadamente setores atendidos por veículos de capacidade de carga diferentes.
A4: 3. Preencher somente células em amarelo
A7: O orçamento deve ser realizado por responsável técnico habilitado e é de responsabilidade do seu autor.
A9: 7. Dimensionamento da frota
A11: Indicador | B11: Unid | C11: Valor
A12: População (H) | B12: hab | C12: 6123
A13: Geração per capita (G) | B13: Kg/hab.dia | C13: 0.372
A14: Geração total diária (Qd) | B14: ton/dia | C14: 2.28
A15: Geração Mensal | B15: ton | C15: 68.3
A16: Número de dias de coleta por semana (Dc) | B16: dia | C16: 6
A17: Quantitativo diário de coleta (Qc) | B17: ton/dia | C17: =IFERROR(C14*7/C16,0) -> 2.66
A18: Densidade RSU compactado | B18: Kg/m³ | C18: 500
A19: Tipo de Veículo (1 = toco, 2 = truck) | C19: 1
A20: Capacidade do Compactador | B20: m³ | C20: 10
A21: Capacidade nominal de carga (Cc) | B21: ton | C21: 5
A22: Número de Cargas por dia (Nc) | C22: =IFERROR(C17/C21,0) -> 0.532
A23: Número total de percursos de coleta por veículo, por dia (Np) | C23: 1
A24: Número de veículos da Frota (F) | C24: =IFERROR(C22/C23,0) -> 0.532
